 Dungeon Sprint DCSS version 0.30.1-11-g7821555f0a (webtiles) character file.

Game seed: 11966893218141450286

2100000 jagang the Axe Maniac (level 15, -41/174 HPs)
             Began as a Minotaur Berserker on Nov 21, 2023.
             Was a High Priest of Trog.
             Annihilated by a meat berserker
             ... wielding a +9 battleaxe
              (43 damage)
             ... in the Dungeon (Sprint VIII: "Arena of Blood").
             The game lasted 00:02:51 (21 turns).

jagang the Axe Maniac (Minotaur Berserker)            Turns: 21, Time: 00:02:52

Health: -41/174    AC:  4    Str: 29    XL:     15   Next: 66%
Magic:  14/15      EV: 22    Int:  4    God:    Trog [*****.]
Gold:   0          SH:  0    Dex: 10    Spells: 14/14 levels left

rFire   . . .        i - +∞ Axe of Woe
rCold   . . .        (shield currently unavailable)
rNeg    . . .        b - +0 animal skin
rPois   .            (helmet restricted)
rElec   .            (no cloak)
rCorr   .            (no gloves)
SInv    .            (no boots)
Will    +....        (no amulet)
Stlth   +            (no ring)
HPRegen 0.49/turn    (no ring)
MPRegen 0.14/turn

%: no teleportation
@: on berserk cooldown, slowed, very slow
A: horns 2, retaliatory headbutt
a: Renounce Religion, Berserk, Trog's Hand, Brothers in Arms


You were in the Dungeon.
You worshipped Trog.
Trog was extremely pleased with you.
You visited 1 branch

Inventory:

Hand Weapons
 a - a +0 mace
 i - the +∞ Axe of Woe (weapon)
   (You found it in the Dungeon)
Armour
 b - a +0 animal skin (worn)
Scrolls
 h - a scroll of blinking
Potions
 c - a potion of curing
 d - a potion of heal wounds
 e - a potion of haste
 f - 2 potions of magic
 g - a potion of berserk rage


   Skills:
 O Level 27 Fighting
 O Level 27 Axes
 - Level 3.6(18.3) Maces & Flails
 + Level 2.2 Throwing
 O Level 27 Armour
 O Level 27 Dodging
 + Level 2.2 Invocations
 + Level 2.0 Evocations


You had 14 spell levels left.
You didn't know any spells.
Your spell library was empty.

Dungeon Overview and Level Annotations

Branches:
Dungeon (1/1)

Altars:
Makhleb


Innate Abilities, Weirdness & Mutations

You have a pair of horns on your head.
You reflexively headbutt those who attack you in melee.


Message History

Trog accepts your kill.
The meat berserker appears out of thin air!
A meat berserker comes into view. It is wielding a +9 battleaxe.
The meat berserker shouts!
You hear a shout! x6
Your Fighting skill increases to level 26!
Your Armour skill increases to level 26!
Your Dodging skill increases to level 24!
You are no longer berserk.
You are exhausted.
You feel yourself slow down.
You hear a shout! x5
Unknown command.
You dice the meat berserker like an onion!!!
You slaughter the meat berserker joyfully.
You kill the meat berserker!
Trog accepts your kill.
Trog will now gift you melee weapons as you gain piety.
You hear a shout! x9
A bag of meat comes into view. It is wielding a +9 war axe.
You hear a shout! x5
You have mastered Fighting!
You have mastered Armour!
You have mastered Dodging!
You need to enable at least one skill for training.
Your Throwing skill gained 2 levels and is now at level 2!
Your Invocations skill gained 2 levels and is now at level 2!
Your Evocations skill gained 2 levels and is now at level 2!
A meat berserker comes into view. It is wielding a +9 battleaxe.
The meat berserker shouts!
You hear a shout!
A meat berserker comes into view. It is wielding a +9 battleaxe.
You hear a shout!
The meat berserker hits you with a +9 battleaxe!!!
You hear a shout! x2
The meat berserker rages.
You hear a shout! x2
The meat berserker hits you with a +9 battleaxe!!!
You hear a shout! x2
The meat berserker hits you with a +9 battleaxe!!!!
* * * LOW HITPOINT WARNING * * *
The meat berserker hits you with a +9 battleaxe!!!
You die...

...........
........... ...
........o. ...
#..O..o.# .O..
#......o# .....
.###......o###.....
......###))........
......_.)..O......
..#....)#@OO....#
#_.<._#.O......
#.....#.....o#.
......_...........
......###.........#
o###.. ...###.....
#.. ...# ..... #.
...# ..... .. ...


You could see a large bag of meat (inner flame), 5 meat berserkers and 5 bags of
meat.

Vanquished Creatures
  2 ogres (D)
  10 orcs (D)
12 creatures vanquished.

Notes
Turn   | Place    | Note
-------+----------+-------------------------------------------
     0 | D        | Found the +∞ Axe of Woe
     0 | D        | jagang the Minotaur Berserker began the quest for the Orb.
     0 | D        | Reached XP level 1. HP: 19/19 MP: 0/0
     1 | D        | Noticed a bag of meat
     1 | D        | Noticed a bag of meat
     1 | D        | Noticed a bag of meat
     1 | D        | Noticed a bag of meat
     2 | D        | Noticed a bag of meat
     2 | D        | Noticed a bag of meat
     4 | D        | Noticed a bag of meat
     4 | D        | Noticed a bag of meat
     6 | D        | Noticed a bag of meat
     7 | D        | Killed a bag of meat
     7 | D        | Noticed a bag of meat
     8 | D        | Reached XP level 2. HP: 47/47 MP: 1/1
     8 | D        | Reached XP level 3. HP: 53/53 MP: 2/2
     8 | D        | Reached XP level 4. HP: 61/61 MP: 3/3
     8 | D        | Reached XP level 5. HP: 68/68 MP: 4/4
     8 | D        | Reached XP level 6. HP: 75/75 MP: 5/5
     8 | D        | Reached XP level 7. HP: 82/82 MP: 6/6
     8 | D        | Reached XP level 8. HP: 90/90 MP: 7/7
     8 | D        | Reached XP level 9. HP: 96/96 MP: 8/8
     8 | D        | Reached XP level 10. HP: 104/104 MP: 9/9
     8 | D        | Noticed a meat berserker
     9 | D        | Killed a bag of meat
     9 | D        | Killed a bag of meat
     9 | D        | Reached ** piety under Trog
    10 | D        | Reached XP level 11. HP: 118/118 MP: 10/10
    10 | D        | Reached XP level 12. HP: 127/127 MP: 11/11
    11 | D        | Killed a meat berserker
    12 | D        | Reached XP level 13. HP: 139/139 MP: 12/12
    12 | D        | Killed a bag of meat
    12 | D        | Killed a bag of meat
    12 | D        | Reached *** piety under Trog
    13 | D        | Reached skill level 27 in Axes
    13 | D        | Reached XP level 14. HP: 154/154 MP: 13/13
    13 | D        | Noticed a bag of meat
    14 | D        | Killed a bag of meat
    14 | D        | Killed a bag of meat
    15 | D        | Noticed a meat berserker
    15 | D        | Noticed a meat berserker
    16 | D        | Killed a bag of meat
    16 | D        | Reached **** piety under Trog
    16 | D        | Killed a bag of meat
    16 | D        | Noticed a meat berserker
    16 | D        | Noticed a meat berserker
    17 | D        | Reached XP level 15. HP: 171/171 MP: 14/14
    17 | D        | Noticed a large bag of meat
    18 | D        | Noticed a meat berserker
    20 | D        | Killed a meat berserker
    20 | D        | Reached ***** piety under Trog
    21 | D        | Reached skill level 27 in Fighting
    21 | D        | Reached skill level 27 in Armour
    21 | D        | Reached skill level 27 in Dodging
    21 | D        | Noticed a meat berserker
    21 | D        | Noticed a meat berserker
    21 | D        | HP: 2/174 [meat berserker/+9 battleaxe (72)]
    21 | D        | Annihilated by a meat berserker

Illustrated notes

Levels and vault maps discovered:
D:        meatsprint

Skill      XL: |  1  2  3  4  5  6  7  8  9 10 11 12 13 14 15 |
---------------+----------------------------------------------+-----
Fighting       | 14 17 19 22 25 27 | 27.0
Axes           | 19 23 26 27 | 27.0
Armour         | 14 17 19 21 25 27 | 27.0
Dodging        | 13 16 18 20 23 27 | 27.0
Throwing       | 2 |  2.2
Invocations    | 2 |  2.2
Evocations     | 2 |  2.0
Maces & Flails | |  3.6

Action                     |  1- 3 |  4- 6 |  7- 9 | 10-12 | 13-15 || total
---------------------------+-------+-------+-------+-------+-------++-------
  Melee: Executioner's axe |     1 |       |       |     2 |     5 ||     8
 Invoke: Berserk           |     1 |       |       |       |       ||     1
